 Zot Defence DCSS version 0.15.2 (webtiles) character file.

435 Kakkamies the Grave Robber (level 6, -2/42 HPs)
             Began as a Vampire Necromancer on June 22, 2017.
             Was an Initiate of Kikubaaqudgha.
             Slain by a warg (12 damage)
             ... in the Realm of Zot (Scenario II: Battle Heart).
             The game lasted 00:14:33 (547 turns).

Kakkamies the Grave Robber (Vampire Necromancer)     Turns: 547, Time: 00:14:35

HP  -2/42        AC  2     Str  7      XL: 6   Next: 68%
MP   1/13        EV 13     Int 19      God: Kikubaaqudgha [......]
Gold 0           SH  0     Dex 14      Spells:  4 memorised,  2 levels left

rFire  . . .     SeeInvis +     j - +0 short sword
rCold  . . .     Clarity  .     a - +0 robe
rNeg   + . .     rCorr    .     (no shield)
rPois  .         rRot     .     (no helmet)
rElec  .         Spirit   .     (no cloak)
SustAb .         Warding  .     (no gloves)
rMut   .         Stasis   .     (no boots)
Gourm  .                        (no amulet)
MR     .....                    (no ring)
                                (no ring)

@: very slightly contaminated, hasted, very quick, not resistant to hostile
enchantments, unstealthy
A: bottle blood, fangs 3, see invisible, unbreathing
a: Make oklob sapling, Make arrow trap, Make plant, Remove Curse, Make burning
bush, Make altar, Make grenades, Bat Form, Bottle Blood, Renounce Religion


You were in the Realm of Zot.
You worshipped Kikubaaqudgha.
Kikubaaqudgha was noncommittal.
You were not thirsty.

You visited 1 branch

Inventory:

Hand weapons
 j - a +0 short sword (weapon)
Missiles
 k - 2 stones (quivered)
Armour
 a - a +0 robe (worn)
Scrolls
 i - a scroll of blinking
Potions
 g - 2 potions of magic
 h - a potion of berserk rage
Books
 b - a book of Necromancy

   Spells                             Type                      Level
   *Pain                              Necromancy                   1
   *Animate Skeleton                  Necromancy                   1
   Vampiric Draining                  Necromancy                   3
   Regeneration                       Charms/Necromancy            3
   *Animate Dead                      Necromancy                   4
   *Control Undead                    Necromancy                   4


   Skills:
 - Level 0.8 Fighting
 + Level 3.7 Dodging
 - Level 3.0 Stealth
 + Level 3.5 Spellcasting
 + Level 7.3 Necromancy


You had 2 spell levels left.
You knew the following spells:

 Your Spells              Type           Power        Failure   Level  Hunger
a - Pain                  Necr           ####         1%          1    None
b - Animate Skeleton      Necr           N/A          1%          1    None
c - Animate Dead          Necr           N/A          10%         4    ####...
d - Control Undead        Necr           ####......   10%         4    ####...


Dungeon Overview and Level Annotations

Branches:
    Zot (1/1)

Altars:
Kikubaaqudgha


Innate Abilities, Weirdness & Mutations

You can bottle blood from corpses.
You have razor-sharp teeth.
You have supernaturally acute eyesight.
You can survive without breathing.


Message History

The warg is almost dead.
The jackal bites your oklob sapling but does no damage.
The warg bites you.
* * * LOW HITPOINT WARNING * * *
Your oklob sapling spits acid at the jackal.
The splash of acid hits the jackal.
The jackal writhes in agony as its flesh is eaten away!
The jackal dies!
The jackal closely misses you. Poel bites you.
* * * LOW HITPOINT WARNING * * *
Unknown command.
Drink which item? (? for menu, Esc to quit)
You feel better.
The jackal bites your oklob sapling but does no damage.
Poel stops to sniff the ground.
Poel bites you.
* * * LOW HITPOINT WARNING * * *
The warg bites you!
You die...
Kikubaaqudgha rasps: "You have failed me!
Welcome... oblivion!"

▓ ▓ ▓▓▓ ▓▓▓ ▓▓▓ ..▓▓ ▓▓_▓▓ ▓▓..
...▓▓ ▓▓...▓▓ ▓▓... ....▓▓▓
▓▓.P...▓▓ ▓▓▓....
......▓▓▓▓▓▓▓.......▓▓▓▓▓▓▓......
......▓...)....hP.........▓......
..........)h...h@%...((%)).......
▓▓▓▓▓▓▓........hP.........▓▓▓▓▓▓▓
▓ ▓▓▓▓▓▓▓.Zh....▓▓▓▓▓▓▓ ▓
▓▓.....▓▓ ▓▓...▓▓ ▓▓.▓▓ ▓▓▓▓▓
▓▓▓▓▓▓▓▓▓▓▓▓▓▓▓ ▓▓▓▓▓ ....▓▓
▓∆∆∆∆∆▓ ▓∆∆∆∆∆▓ ▓▓.... .....▓
▓∆▓∆▓∆▓▓▓∆▓∆▓∆▓ ▓.....


You could see a warg, Poel the hell hound, 3 jackals, a friendly burning bush, 2
friendly oklob saplings and a friendly orc zombie.

Vanquished Creatures
  A hungry ghost (Zot)
  A big kobold (Zot)
  A jackal (Zot)
  A kobold (Zot)
  A ball python (Zot)
  4 bats (Zot)
  A giant cockroach (Zot)
10 creatures vanquished.

Vanquished Creatures (collateral kills)
  An orc priest (Zot)
  An ooze (Zot)
  2 ball pythons (Zot)
  2 giant cockroaches (Zot)
  2 goblins (Zot)
  7 jackals (Zot)
  5 kobolds (Zot)
  3 bats (Zot)
  A jackal zombie (Zot)
  2 rats (Zot)
26 creatures vanquished.

Vanquished Creatures (others)
  3 bat skeletons (Zot)
  2 ball python skeletons (Zot)
  3 giant cockroach zombies (Zot)
  A goblin zombie (Zot)
  A jackal zombie (Zot)
  A kobold skeleton (Zot)
  A kobold zombie (Zot)
  A rat zombie (Zot)
13 creatures vanquished.

Grand Total: 49 creatures vanquished

Notes
Turn   | Place    | Note
--------------------------------------------------------------
     0 | Zot      | Kakkamies, the Vampire Necromancer, began the quest for the Orb.
     0 | Zot      | Reached XP level 1. HP: 13/13 MP: 3/3
   218 | Zot      | Reached XP level 2. HP: 14/19 MP: 0/4
   251 | Zot      | Noticed Huowenoa
   257 | Zot      | Learned a level 1 spell: Animate Skeleton
   264 | Zot      | Killed Huowenoa the big kobold
   264 | Zot      | Reached skill level 6 in Necromancy
   264 | Zot      | Reached XP level 3. HP: 15/24 MP: 0/6
   264 | Zot      | Reached XP level 4. HP: 18/30 MP: 0/8
   345 | Zot      | Reached XP level 5. HP: 26/35 MP: 2/9
   378 | Zot      | Noticed Zafoishre
   397 | Zot      | Killed Zafoishre the hungry ghost
   397 | Zot      | Reached skill level 7 in Necromancy
   397 | Zot      | Reached XP level 6. HP: 18/42 MP: 7/13
   408 | Zot      | Became a worshipper of Kikubaaqudgha
   456 | Zot      | Learned a level 4 spell: Animate Dead
   477 | Zot      | Learned a level 4 spell: Control Undead
   529 | Zot      | Noticed a warg
   536 | Zot      | Noticed Poel
   547 | Zot      | Slain by a warg

Action                   |  1- 3 |  4- 6 || total
-------------------------+-------+-------++-------
Melee: Short sword       |     3 |    19 ||    22
       Unarmed           |     2 |       ||     2
 Cast: Pain              |     8 |    13 ||    21
       Animate Skeleton  |       |     6 ||     6
       Animate Dead      |       |     2 ||     2
 Abil: Make oklob saplin |     1 |     1 ||     2
       Make altar        |       |     1 ||     1
       Make burning bush |       |     1 ||     1
  Use: Potion            |       |     6 ||     6
 Stab: Distracted        |     1 |     1 ||     2
  Eat: Corpse            |     2 |       ||     2
